 Dungeon Crawl Stone Soup version 0.20-a0-277-g7db01f4 (webtiles) character file.

173 mopl the Sneak (level 5, -1/29 HPs)
             Began as a Deep Elf Assassin on Dec 11, 2016.
             Slain by an orc wizard
             ... wielding a +0 dagger
              (3 damage)
             ... on level 3 of the Dungeon.
             The game lasted 00:04:27 (2343 turns).

mopl the Sneak (Deep Elf Assassin)                  Turns: 2343, Time: 00:04:28

Health: -1/29      AC:  3    Str:  8    XL:     5   Next: 28%
Magic:  7/7        EV: 12    Int: 16    God:
Gold:   97         SH:  0    Dex: 17    Spells: 4/4 levels left

rFire  . . .     SeeInvis .     x - +3 quarterstaff (chaos)
rCold  . . .     Gourm    .     c - +0 robe
rNeg   . . .     Faith    .     (shield currently unavailable)
rPois  .         Spirit   .     (no helmet)
rElec  .         Reflect  .     y - +0 cloak
rCorr  .         Harm     .     (no gloves)
MR     .....                    (no boots)
Stlth  +++.......               (no amulet)
                                (no ring)
                                (no ring)

@: no status effects
A: no striking features
a: no special abilities


You were on level 3 of the Dungeon.
You were very hungry.

You visited 1 branch of the dungeon, and saw 3 of its levels.

You collected 97 gold pieces.

Inventory:

Hand Weapons
 a - a +2 dagger
 b - a +0 blowgun
 p - a +1 spear of freezing
 x - a +3 quarterstaff of chaos (weapon)
Missiles
 e - 7 poisoned needles
 f - 2 curare-tipped needles
 q - 3 tomahawks (quivered)
Armour
 c - a +0 robe (worn)
 s - a +0 large shield
 y - a +0 cloak (worn)
Wands
 v - a wand of slowing (24/48)
Scrolls
 d - a scroll of magic mapping {unknown}
 j - 2 scrolls of remove curse {unknown}
 l - 2 scrolls of amnesia {unknown}
 m - a scroll of enchant armour {unknown}
 n - a scroll of immolation {unknown}
 r - 2 scrolls of teleportation {unknown}
Potions
 h - a potion of ambrosia {unknown}
 k - 2 potions of lignification {unknown}
 o - 2 potions of heal wounds {unknown}
 t - a potion of flight {unknown}
Comestibles
 g - 2 bread rations
 i - a beef jerky
 u - 2 fruits


   Skills:
 - Level 1.5 Fighting
 * Level 3.6 Short Blades
 * Level 3.4 Throwing
 - Level 1.2 Dodging
 * Level 6.2 Stealth


You had 4 spell levels left.
You didn't know any spells.

Dungeon Overview and Level Annotations

Branches:
Dungeon (3/15)

Altars:
Cheibriados


Message History

You kill the orc!
You hear some strange, mumbled words.
A puff of flame appears from out of thin air!
The puff of flame hits you!
No target in view!
You closely miss something. Something hits you.
You miss something. Something hits you.
You hit something but do no damage. Something hits you.
You hear some strange, mumbled words.
A puff of flame appears from out of thin air!
The puff of flame hits you!
* * * LOW HITPOINT WARNING * * *
You hit something. Something hits you.
* * * LOW HITPOINT WARNING * * *
You miss something. Something hits you.
* * * LOW HITPOINT WARNING * * *
You closely miss something. Something hits you but does no damage.
You barely miss something. Something hits you but does no damage.
Something hits you.
You die...

######....# ############
#... #..o.# #..........#
#... #....######..........#
#... #...o.....#..........#
#... #.........#..........#
#... #.....o...#..........#
#.##
#.........#..........####.##
###.......#(........)#......
#.......#@.........#..>...
#.......{.................
#.......#..........#......
#.......#........).#.<....
####.####..........####.##
#.# ###########...#[# #.#
#.#.#.# #.### #.....# #...#
###.###


There were no monsters in sight!

Vanquished Creatures
  Crazy Yiuf (D:2)
  2 orc wizards (D:3)
  5 adders
  2 dart slugs
  2 leopard geckos
  5 orcs (D:3)
  2 bats
  5 hobgoblins
  7 kobolds
  3 frilled lizards (D:2)
  3 goblins (D:1)
  6 rats
43 creatures vanquished.

Notes
Turn   | Place    | Note
-------+----------+-------------------------------------------
     0 | D:1      | mopl the Deep Elf Assassin began the quest for the Orb.
     0 | D:1      | Reached XP level 1. HP: 12/12 MP: 3/3
   318 | D:1      | Reached XP level 2. HP: 16/16 MP: 4/4
   366 | D:1      | Reached skill level 5 in Stealth
   744 | D:2      | Reached XP level 3. HP: 18/20 MP: 5/5
  1190 | D:2      | Reached skill level 3 in Short Blades
  1374 | D:2      | Found a runed door.
  1500 | D:2      | Noticed Crazy Yiuf
  1504 | D:2      | Killed Crazy Yiuf
  1504 | D:2      | Reached XP level 4. HP: 25/25 MP: 6/6
  1571 | D:3      | Found a snail-covered altar of Cheibriados.
  1618 | D:3      | Reached skill level 3 in Throwing
  1747 | D:3      | Reached skill level 6 in Stealth
  1768 | D:3      | Reached XP level 5. HP: 29/29 MP: 7/7
  2343 | D:3      | Slain by an orc wizard

Vault maps used:
D:1:      denvon_arrival_waterhouse
D:2:      first_bread, uniq_crazy_yiuf_cottage
D:3:      cheibriados_altar_1, uniq_grinder, uniq_iyjb

Skill      XL: |  1  2  3  4 |
---------------+-------------+-----
Stealth        | 5 6 |  6.2
Short Blades   | 3 |  3.6
Throwing       | 3 |  3.4
Fighting       | |  1.5
Dodging        | |  1.2

Action                   |  1- 3 |  4- 6 || total
-------------------------+-------+-------++-------
Melee: Dagger            |    55 |     3 ||    58
       Spear             |    23 |       ||    23
       Quarterstaff      |       |    34 ||    34
 Fire: Blowgun           |    18 |     2 ||    20
 Stab: Sleeping          |     8 |     3 ||    11
  Eat: Chunk             |     2 |     1 ||     3
Armor: Robe              |    14 |     6 ||    20
Dodge: Dodged            |    53 |    14 ||    67
